 Dungeon Crawl Stone Soup version 0.29-a0-973-gac7da5f7f0 (webtiles) character file.

Game seed: 12731213954391712539

332 inmateoo the Trooper (level 6, -8/48 HPs)
             Began as a Demonspawn Fighter on July 31, 2022.
             Mangled by an ogre
             ... wielding a +0 giant club
              (31 damage)
             ... on level 4 of the Dungeon.
             The game lasted 00:01:56 (2981 turns).

inmateoo the Trooper (Demonspawn Fighter)           Turns: 2981, Time: 00:01:57

Health: -8/48      AC:  8    Str: 18    XL:     6   Next: 26%
Magic:  6/6        EV:  9    Int:  9    God:
Gold:   137        SH:  5    Dex: 13    Spells: 5/5 levels left

rFire   . . .      SeeInvis .   a - +0 war axe
rCold   . . .      Faith    .   c - +0 buckler
rNeg    . . .      Spirit   .   b - +0 scale mail
rPois   .          Reflect  .   j - +0 hat
rElec   .          Harm     .   (no cloak)
rCorr   .          Rampage  .   (no gloves)
Will    .....                   (no boots)
Stlth   ..........              (no amulet)
HPRegen 0.16/turn               (no ring)
MPRegen 0.10/turn               (no ring)

@: no status effects
A: antennae 1, sharp scales 2
a: no special abilities


You were on level 4 of the Dungeon.
You visited 1 branch of the dungeon, and saw 4 of its levels.

You collected 137 gold pieces.

Inventory:

Hand Weapons
 a - a +0 war axe (weapon)
Armour
 b - a +0 scale mail (worn)
 c - a +0 buckler (worn)
 j - a +0 hat (worn)
Jewellery
 n - a ring of resist corrosion
Wands
 k - a wand of digging (2)
Scrolls
 d - a scroll of noise {unknown}
 f - 3 scrolls of identify
Potions
 e - a potion of brilliance
 g - a potion of haste
 m - 2 potions of curing


   Skills:
 + Level 3.8 Fighting
 * Level 3.7 Axes
 + Level 3.6 Armour
 + Level 2.0 Dodging
 + Level 3.6 Shields


You had 5 spell levels left.
You didn't know any spells.
Your spell library contained the following spells:

 Spells                   Type           Power      Damage    Failure   Level
 Animate Armour           Summ/Erth      0%         N/A       100%        4
 Summon Ice Beast         Ice/Summ       0%         N/A       100%        4
 Blade Hands              Tmut           0%         N/A       100%        5
 Summon Mana Viper        Hex/Summ       0%         N/A       100%        5
 Iron Shot                Conj/Erth      0%         9d1       100%        6
 Monstrous Menagerie      Summ           0%         N/A       100%        7


Dungeon Overview and Level Annotations

Branches:
Dungeon (4/15)
 Temple: D:4-7

Altars:
Makhleb


Innate Abilities, Weirdness & Mutations

You have a pair of small antennae on your head.
You are mostly covered in razor-sharp scales. (AC +2, Slay +2)


Message History

No target in view!
You see here a +0 halberd.
You start resting.
HP restored.
There is a large open door here.
You see here a +0 leather armour.
There is a large open door here.
Key pressed, stopping explore.
No target in view!
There is a large open door here.
There is a large open door here.
Found 6 stones.
No target in view!
You now have 137 gold pieces (gained 12).
d - a scroll labelled KUOJEUPIQU No target in view!
An ogre comes into view. It is wielding a +0 giant club.
The ogre shouts!
Found a potion of haste.
An ogre is nearby!
Found a scroll labelled YRAQE SUWK.
An ogre is nearby!
The ogre closely misses you.
You slash the ogre!
The ogre is moderately wounded.
The ogre hits you with a +0 giant club!
You barely miss the ogre.
The ogre is moderately wounded.
The ogre closely misses you.
You barely miss the ogre.
The ogre is moderately wounded.
The ogre hits you with a +0 giant club!!
You hit the ogre.
The ogre is heavily wounded.
You are too injured to fight recklessly!
You slash the ogre!
The ogre is almost dead.
The ogre hits you with a +0 giant club!!
Ouch! That really hurt!
You die...

^#.. ##........# ##g.#
#..# #........##
######g.## ##.+
#....(...# ##....g....
### #........#
##..........
####.....###....(......
####...##.).........
##.....).........
###..>.............
#!@.###............
#..O.## #............
#....... ##...........
...#.....# #...........
.##....... ##..........
#.......# ....?....
#..........


You could see an ogre.

Vanquished Creatures
  An ogre (D:4)
  A gnoll sergeant (D:3)
  A hound (D:4)
  An iguana (D:3)
  4 adders
  4 gnolls
  A worm (D:3)
  2 dart slugs (D:1)
  An orc (D:3)
  7 bats
  An endoplasm (D:1)
  2 giant cockroaches (D:1)
  5 hobgoblins
  6 kobolds
  3 quokkas
  5 ball pythons
  A frilled lizard (D:1)
  3 goblins
  4 rats
53 creatures vanquished.

Notes
Turn   | Place    | Note
-------+----------+-------------------------------------------
     0 | D:1      | inmateoo the Demonspawn Fighter began the quest for the
                  | Orb.
     0 | D:1      | Reached XP level 1. HP: 18/18 MP: 1/1
   166 | D:1      | Gained mutation: You are partially covered in razor-sharp
                  | scales. (AC +1, Slay +1) [demonic ancestry]
   166 | D:1      | Reached XP level 2. HP: 24/24 MP: 2/2
   439 | D:2      | Gained mutation: You are mostly covered in razor-sharp
                  | scales. (AC +2, Slay +2) [demonic ancestry]
   439 | D:2      | Reached XP level 3. HP: 26/29 MP: 3/3
   457 | D:2      | Found a faded altar of an unknown god.
   525 | D:2      | Reached skill level 1 in Dodging
  1072 | D:3      | Reached XP level 4. HP: 14/35 MP: 4/4
  1275 | D:3      | Found a burning altar of Makhleb.
  2055 | D:4      | Gained mutation: You have a pair of small antennae on your
                  | head. [demonic ancestry]
  2055 | D:4      | Reached XP level 5. HP: 34/41 MP: 5/5
  2136 | D:4      | Noticed an ogre
  2142 | D:4      | Killed an ogre
  2534 | D:3      | Reached XP level 6. HP: 7/48 MP: 6/6
  2981 | D:4      | Mangled by an ogre

Illustrated notes

Levels and vault maps discovered:
D:1:      minmay_arrival_stone_box, layout_basic
D:2:      layout_loops_cross, hellmonk_ecumenical_altar_arch_garden,
          minmay_curled_crystal, roderic_roman_lattice
D:3:      layout_basic, lemuel_coloured_pillars_altar
D:4:      minmay_razor_zed, layout_cave_pods, kennysheep_big_empty_room,
          uniq_blork_the_orc

Skill      XL: |  1  2  3  4  5 |
---------------+----------------+-----
Axes           | 2 3 |  3.7
Armour         | 3 |  3.6
Dodging        | 1 2 |  2.0
Shields        | 3 |  3.6
Fighting       | |  3.8

Action                   |  1- 3 |  4- 6 || total
-------------------------+-------+-------++-------
Melee: War axe           |    76 |    60 ||   136
  Use: Scroll            |       |     6 ||     6
       Potion            |       |     2 ||     2
Armor: Scale mail        |    50 |    17 ||    67
Dodge: Dodged            |    37 |    33 ||    70
Block: Buckler           |    15 |    16 ||    31

Table legend: (Time is in decaauts)
 A = Elapsed time spent in this place.
 B = Non-inter-level travel time spent in this place.
 C = Inter-level travel time spent in this place.
 D = Time resting spent in this place.
 E = Time spent auto-exploring this place.
 F = Levels seen in this place.
 G = Mean time per level.
                   A        B        C        D        E       F      G
               +--------+--------+--------+--------+--------+-----+--------+
         Total |   3038 |   2984 |     54 |    933 |   1567 |   4 |  759.5 |
       Dungeon |   3038 |   2984 |     54 |    933 |   1567 |   4 |  759.5 |
               +--------+--------+--------+--------+--------+-----+--------+

Top non-repeatable levels by time:
     D:3: 1384 daAuts
     D:2: 611 daAuts
     D:4: 597 daAuts
     D:1: 445 daAuts
